 Dungeon Crawl Stone Soup version 0.13-a0-2808-gda3a3b1 (webtiles) character file.

421 Malachi the Skirmisher (level 5, 0/46 HPs)
             Began as a Centaur Fighter on Aug 25, 2013.
             Slain by an orc priest
             ... wielding a +0,+0 orcish war axe
              (5 damage)
             ... on Level 4 of the Dungeon.
             The game lasted 00:04:13 (2828 turns).

Malachi the Skirmisher (Centaur Fighter)            Turns: 2828, Time: 00:04:13

HP   0/46        AC  6     Str 19      XL: 5   Next: 39%
MP   3/3         EV  4     Int  7      God:
Gold 234         SH 17     Dex  9      Spells:  0 memorised,  4 levels left

Res.Fire  : . . .   See Invis. : .   a - +0 trident
Res.Cold  : . . .   Warding    : .   b - +0 scale mail
Life Prot.: . . .   Conserve   : .   c - +0 shield
Res.Poison: .       Res.Corr.  : .   (no helmet)
Res.Elec. : .       Clarity    : .   (no cloak)
Sust.Abil.: . .     Spirit.Shd : .   (no gloves)
Res.Mut.  : .       Stasis     : .   (no barding)
Res.Rott. : .       Flight     : .   (no amulet)
Saprovore : . . .                    (no ring)
                                     (no ring)

@: very quick, slightly resistant to hostile enchantments, extremely unstealthy
A: hooves 3, deformed body, herbivore 1, speed 2, fast metabolism 1, tough skin
3
a: no special abilities


You were on level 4 of the Dungeon.
You were near starving.

You visited 1 branch of the dungeon, and saw 4 of its levels.

You collected 214 gold pieces.

Inventory:

Hand weapons
 a - a +0,+0 trident (weapon)
 x - a +1 elven blowgun
Missiles
 A - 9 poisoned needles
Armour
 b - a +0 scale mail (worn)
 c - a +0 shield (worn)
Magical devices
 f - a wand of confusion (0)
Comestibles
 d - 3 bread rations
 k - a choko
 n - a meat ration
 r - a royal jelly
 t - 2 sultanas
 v - a pear
Scrolls
 p - a scroll of enchant armour {unknown}
 q - a scroll of fog {unknown}
 s - a scroll of identify {unknown}
 w - a scroll of magic mapping {unknown}
 y - a scroll of enchant weapon I {unknown}
Jewellery
 j - an uncursed ring of ice {unknown}
 u - an uncursed amulet of the gourmand {unknown}
Potions
 e - a potion of magic {unknown}
 g - 3 potions of resistance {unknown}
 h - 3 potions of agility {unknown}
 i - 6 potions of curing {unknown}
 l - a potion of restore abilities {unknown}
 m - 2 potions of might {unknown}
 o - a potion of degeneration {unknown}
 z - 2 potions of heal wounds {unknown}


   Skills:
 + Level 3.5 Fighting
 + Level 2.5 Polearms
 + Level 3.2 Armour
 + Level 1.2 Dodging
 + Level 2.9 Shields


You had 4 spell levels left.
You didn't know any spells.

Dungeon Overview and Level Annotations

Branches:
Dungeon (4/27)
 Temple: D:4-7

Altars:
Cheibriados
Fedhas
Kikubaaqudgha


Innate Abilities, Weirdness & Mutations

You have hooves in place of feet.
Armour fits poorly on your strangely shaped body.
You digest meat inefficiently.
You cover ground very quickly.
You have a fast metabolism.
You have extremely tough skin (AC +3).


Message History

You closely miss the orc priest. Your kick misses the orc priest.
The orc priest is heavily wounded.
The orc wizard hits you with an orcish dagger.
You block the orc's attack.
The orc wizard hits you with an orcish dagger.
The orc priest becomes somewhat translucent.
You hit the orc priest.
The orc priest is almost dead.
The orc wizard gestures at you while chanting.
The magic dart hits you!
* * * LOW HITPOINT WARNING * * *
You block the orc's attack.
The orc priest calls down the wrath of Beogh upon you.
Pain shoots through your body!
* * * LOW HITPOINT WARNING * * *
You block the orc wizard's attack.
The orc wizard gestures wildly while chanting.
The orc wizard blinks!
The orc priest hits you with an orcish war axe.
You die...

.... .... ###.......
..... ....# #........
...o#...... <......#
........... .......
.......... ..#### #
.......... . .. #.###
#o........# ..
#.....#oo......... ..
#...#@...#.......
#.................
#................
.#.............###..
......................
.........#+#.#......#..
#######..#.....#......#
...(.#..#.....#......##
###.#..#..............


You could see an orc priest, an orc wizard and 2 orcs.

Vanquished Creatures
  An orc wizard (D:4)
  Ijyb (D:2)
  Jessica (D:2)
  Terence (D:3)
  4 adders
  4 gnolls (D:3)
  3 orcs (D:3)
  5 bats
  4 giant cockroaches
  3 goblins
  4 hobgoblins
  2 ball pythons
  5 giant newts
  9 kobolds
  7 rats
54 creatures vanquished.

Notes
Turn   | Place    | Note
--------------------------------------------------------------
     0 | D:1      | Malachi, the Centaur Fighter, began the quest for the Orb.
     0 | D:1      | Reached XP level 1. HP: 19/19 MP: 0/0
     2 | D:1      | Noticed an octopode
     4 | D:1      | Noticed a ghoul
     4 | D:1      | Noticed a minotaur
     6 | D:1      | Noticed a centaur
     6 | D:1      | Noticed a naga
     8 | D:1      | Noticed a spriggan
     8 | D:1      | Noticed a merfolk
    12 | D:1      | Noticed a vampire
    12 | D:1      | Noticed a troll
    14 | D:1      | Noticed an ogre
    16 | D:1      | Noticed a demigod
    16 | D:1      | Noticed a draconian
    18 | D:1      | Noticed a tengu
    18 | D:1      | Noticed a demonspawn
    20 | D:1      | Noticed a dwarf
    20 | D:1      | Noticed a felid
    22 | D:1      | Noticed an elf
   453 | D:1      | Reached XP level 2. HP: 26/26 MP: 1/1
   652 | D:2      | Found a blossoming altar of Fedhas.
   719 | D:2      | Found an ancient bone altar of Kikubaaqudgha.
   726 | D:2      | Found a snail-covered altar of Cheibriados.
   748 | D:2      | Noticed Ijyb
   788 | D:2      | Killed Ijyb
   788 | D:2      | Reached XP level 3. HP: 27/33 MP: 2/2
  1188 | D:2      | Noticed Jessica
  1192 | D:2      | Killed Jessica
  1225 | D:2      | Reached XP level 4. HP: 34/39 MP: 2/2
  2306 | D:3      | Noticed Terence
  2320 | D:3      | Killed Terence
  2320 | D:3      | Reached skill level 1 in Dodging
  2320 | D:3      | Reached XP level 5. HP: 28/46 MP: 3/3
  2828 | D:4      | Slain by an orc priest

Action                   |  1- 3 |  4- 6 || total
-------------------------+-------+-------++-------
Melee: Trident           |    84 |   126 ||   210
